 Dungeon Crawl Stone Soup version 0.21-a0-521-g1cd18d1 (webtiles) character file.

270740 dvd the Basher (level 19, -2/185 HPs)
             Began as a Troll Fighter on Nov 30, 2017.
             Was the Champion of Okawaru.
             Slain by a glaive of freezing (4 damage)
             ... on level 2 of the Elven Halls on Dec 5, 2017.
             The game lasted 02:47:04 (39610 turns).

dvd the Basher (Troll Fighter)                     Turns: 39610, Time: 02:47:05

Health: -2/185     AC: 14    Str: 33    XL:     19   Next: 81%
Magic:  25/25      EV: 23    Int:  7    God:    Okawaru [******]
Gold:   3554       SH: 27    Dex: 21    Spells: 10/19 levels left

rFire    + + .     SeeInvis +   b - +11 mace of Theory {flame, rF+ Dex+4}
rCold    + + .     Gourm    +   Q - +5 shield of Midnight {rCorr Str+4}
rNeg     . . .     Faith    .   M - +1 troll leather armour of Gallantry {rElec rF+ Regen+}
rPois    +         Spirit   .   L - +0 mask of the Dragon {MR+ Slay+3 SInv}
rElec    +         Reflect  +   w - +1 cloak {rPois}
rCorr    +         Harm     .   (gloves unavailable)
MR       ++...                  (boots unavailable)
Stlth    ++++......             O - +6 amulet of reflection
HPRegen  1.20/turn              Y - ring of Beauty {Int+3 Dex+2}
MPRegen  0.19/turn              I - +6 ring of slaying

@: heroism
A: large, unfitting armour, claws 3, iridescent scales 1, cold resistance 2,
fast metabolism 3, gourmand, regeneration 1, shaggy fur 1, tough skin 2,
MP-powered wands, sturdy frame 1
}: 1/15 runes: gossamer
a: Heroism, Finesse, Renounce Religion


You were on level 2 of the Elven Halls.
You worshipped Okawaru.
Okawaru was exalted by your worship.
You were full.

You visited 8 branches of the dungeon, and saw 36 of its levels.
You also visited: Trove and Ice Cave.

You collected 3651 gold pieces.
You spent 97 gold pieces at shops.

Inventory:

Hand Weapons
 a - a +4 war axe of electrocution
 b - the +11 mace of Theory (weapon) {flame, rF+ Dex+4}
   (Okawaru gifted it to you on level 12 of the Dungeon)

   It has been specially enchanted to burn those struck by it, causing extra
   injury to most foes and up to half again as much damage against particularly
   susceptible opponents.
   It affects your dexterity (+4).
   It protects you from fire.
 N - the +7 great mace "Firestarter" {inner flame, rF++}
   (You found it on level 1 of the Elven Halls)

   It has been specially enchanted to burn those struck by it, causing extra
   injury to most foes and up to half again as much damage against particularly
   susceptible opponents.
   It greatly protects you from fire.
Missiles
 i - 8 silver javelins
 n - 2 tomahawks of returning
 x - 6 javelins of penetration
 S - 7 javelins of returning
 T - 20 large rocks (quivered)
Armour
 e - the +1 large shield of Claustrophobia {rElec rF+ Str+3}
   (Okawaru gifted it to you on level 2 of the Spider Nest)

   It affects your strength (+3).
   It protects you from fire.
   It insulates you from electricity.
 w - a +1 cloak of poison resistance (worn)
 J - the +4 robe of Augmentation {Str+4 Int+4 Dex+4}
   (You found it in a treasure trove)

   It affects your strength (+4).
   It affects your intelligence (+4).
   It affects your dexterity (+4).
 L - the +0 mask of the Dragon (worn) {MR+ Slay+3 SInv}
   (You found it in a treasure trove)

   It affects your accuracy and damage with ranged weapons and melee attacks
   (+3).
   It affects your resistance to hostile enchantments.
   It lets you see invisible.
 M - the +1 troll leather armour of Gallantry (worn) {rElec rF+ Regen+}
   (You found it in a treasure trove)

   It protects you from fire.
   It insulates you from electricity.
   It increases your rate of regeneration.
 Q - the +5 shield of Midnight (worn) {rCorr Str+4}
   (Okawaru gifted it to you on level 13 of the Dungeon)

   It affects your strength (+4).
   It protects you from acid and corrosion.
 Z - the +2 hat of the Bear Spirit {Spirit, +Rage rN+ MR++}
   (You found it in a treasure trove)

   It protects you from negative energy.
   It affects your resistance to hostile enchantments.
   It lets you go berserk.
Jewellery
 I - a +6 ring of slaying (right claw)
 O - a +6 amulet of reflection (around neck)
 Y - the ring of Beauty (left claw) {Int+3 Dex+2}
   (You found it on level 5 of the Lair of Beasts)

   [ring of intelligence]

   It affects your intelligence (+3).
   It affects your dexterity (+2).
Wands
 c - a wand of random effects (34)
 q - a wand of paralysis (31)
 u - a wand of flame (39)
 D - a wand of clouds (8)
 H - a wand of disintegration (26)
 R - a wand of enslavement (13)
 U - a wand of polymorph (50)
 V - a wand of scattershot (9)
 X - a wand of iceblast (8)
Scrolls
 k - 10 scrolls of teleportation
 m - 15 scrolls of remove curse
 y - a scroll of fear
 E - 4 scrolls of magic mapping
 G - 6 scrolls of amnesia
 P - 6 scrolls of fog
 W - 3 scrolls of identify
Potions
 d - 5 potions of might
 g - a potion of resistance
 h - 2 potions of mutation
 l - 5 potions of berserk rage
 p - 4 potions of invisibility
 s - 5 potions of agility
 t - 11 potions of curing
 v - 8 potions of flight
 A - 3 potions of brilliance
 B - 2 potions of ambrosia
 C - 4 potions of cancellation
 F - 4 potions of heal wounds
 K - 5 potions of haste
Comestibles
 f - 16 bread rations
 o - 25 royal jellies
 r - 19 meat rations
 z - 46 fruits


   Skills:
 + Level 11.0(16.0) Fighting
 + Level 10.5(18.5) Axes
 + Level 14.1(20.5) Maces & Flails
   Level 5.5(13.8) Polearms
 + Level 12.8(17.8) Throwing
 + Level 6.6(11.6) Armour
 + Level 10.9(15.9) Dodging
 + Level 3.3(8.3) Stealth
 + Level 13.3(18.3) Shields
 + Level 0.7 Spellcasting
 + Level 0.5 Translocations
 * Level 10.3 Invocations
 + Level 0.5 Evocations


You had 10 spell levels left.
You knew the following spells:

 Your Spells              Type           Power        Failure   Level  Hunger
a - Blink                 Tloc           N/A          47%         2    ###....
b - Apportation           Tloc           #.....       34%         1    ##.....
c - Deflect Missiles      Chrm/Air       #.........   100%        6    #######


Dungeon Overview and Level Annotations

Branches:
Dungeon (15/15)            Temple (1/1) D:4            Lair (6/6) D:11
  Swamp (4/4) Lair:4       Spider (4/4) Lair:3        Slime (0/5) Lair:5
    Orc (2/2) D:10            Elf (2/3) Orc:2        Vaults (2/5) D:14
  Crypt (0/3) Vaults:2     Depths (0/5) D:15

Altars:
Ashenzari
Elyvilon
Gozag
Makhleb
Nemelex Xobeh
Okawaru
Qazlal
Ru
Sif Muna
Uskayaw
Wu Jian
Xom
Yredelemnul
Beogh
Jiyva

Shops:
D:4 }   Orc:2 ?([(   Vaults:1 (

Annotations:
Swamp:3 Bai Suzhen
Swamp:4 Mara


Innate Abilities, Weirdness & Mutations

You are too large for most types of armour.
You have claws for hands.
Your metabolism is lightning-fast.
You like to eat raw meat.
Your natural rate of healing is unusually fast.
You are covered in fur. (AC +1)
You have very tough skin. (AC +2)
You are partially covered in iridescent scales. (AC +2)
Your flesh is very cold resistant. (rC++)
You expend magic power (3 MP) to strengthen your wands.
Your movements are slightly less encumbered by armour. (ER -2)


Message History

a dagger; an uncursed long sword; an uncursed shortbow; 25 arrows an elf corpse You thump the small abomination!
You burn the small abomination.
The small abomination is almost destroyed.
The glaive of freezing is engulfed in seething chaos.
The glaive of freezing flickers and vanishes for a moment.
You block the glaive of freezing's attack.
You block the small abomination's attack.
You sock the small abomination! You burn the small abomination.
You destroy the small abomination!
Okawaru accepts your kill.
The glaive of freezing is engulfed in seething chaos.
The glaive of freezing hits you!
* * * LOW HITPOINT WARNING * * *
You block the glaive of freezing's attack.
You see here a short sword.
The glaive of freezing hits you from afar!!
* * * LOW HITPOINT WARNING * * *
The glaive of freezing freezes you.
You die...

...))............####..####.....)
.###............## #..# #......
.# #...........## #..# #.##### .#
#..........## #..# ###...# ..
+.......##+# #..# #..... .#
#.......##.# #..# +..... .#
##########.# #..# #..... .
#(#######..###.##
#)).@...........#
#)().......###.... #(#######..#
.. #.# #..# #.# #..# #######'##
#..# .........## #..# .......(..#
#..# ...........# #..#


You could see a glaive of freezing (invisible).

Vanquished Creatures
  Nikola (Swamp:3)
  Arachne (Spider:2)
  Jorgrun (Vaults:1)
  An Ice Fiend (IceCv)
  2 thorn hunters
  5 vault wardens (Vaults:2)
  5 ghost moths
  Aizul (Spider:2)
  4 emperor scorpions
  A deep elf sorcerer (Vaults:2)
  2 orc warlords (Orc:2)
  4 ironheart preservers
  2 stone giants
  6 very ugly things
  4 entropy weavers
  2 deep elf demonologists (Vaults:2)
  A spark wasp (Spider:4)
  4 deep elf death magi
  An ettin (shapeshifter) (Vaults:1)
  An ettin (Vaults:2)
  An eidolon (Vaults:2)
  4 yaktaur captains
  Josephine (D:10)
  Fannar (Orc:1)
  3 great orbs of eyes
  2 fire dragons (Vaults:1)
  An ice dragon (Spider:3)
  2 rakshasas
  Harold (D:12)
  21 hydras
  3 vault guards
  6 centaur warriors
  22 two-headed ogres
  16 dancing weapons
  3 alligators
  6 ogre magi
  A deep troll earth mage (D:14)
  A tengu warrior (D:15)
  Urug (Lair:5)
  An orc high priest (Orc:2)
  Nergalle (Lair:3)
  12 deep elf knights
  Sonja (D:12)
  A swamp dragon (shapeshifter) (D:15)
  A spriggan druid (Swamp:4)
  3 unseen horrors
  A deep troll (Vaults:2)
  2 wizards
  A glowing orange brain (Vaults:1)
  11 deep elf archers
  10 swamp dragons
  3 necromancers
  2 shambling mangroves
  3 ironbrand convokers (Vaults:1)
  24 orb spiders
  8 orc knights
  A shining eye (shapeshifter) (Elf:2)
  27 wolf spiders
  A harpy (Vaults:2)
  2 manticores
  7 oklob plants
  49 deep elf magi
  2 orc sorcerers (Orc:2)
  28 ugly things
  4 cyclopes
  5 elephants (Lair:6)
  2 moths of wrath
  Joseph (Lair:1)
  10 vault sentinels
  2 centaur skeletons
  An ice statue (IceCv)
  A water nymph (shapeshifter) (D:15)
  3 torpor snails
  3 black mambas
  3 gargoyles
  15 komodo dragons
  3 rime drakes
  A redback zombie (D:13)
  18 spiny frogs
  9 demonic crawlers
  A yaktaur (shapeshifter) (D:15)
  16 yaktaurs
  4 freezing wraiths
  A small abomination (Elf:2)
  2 anaconda simulacra (IceCv)
  4 ice devils (IceCv)
  A tengu conjurer (D:13)
  A yaktaur skeleton (Vaults:2)
  5 polar bears (Lair:6)
  7 trolls
  19 hornets
  31 jumping spiders
  3 blink frogs (Lair:5)
  5 tyrant leeches
  2 bog bodies
  22 slime creatures
  2 dream sheep (Lair:6)
  An air elemental (Elf:1)
  5 hippogriffs
  48 redbacks
  A dire elephant simulacrum (IceCv)
  14 spriggans (Lair:6)
  2 shadows
  A water elemental (Elf:1)
  2 vampires (D:15)
  2 redbacks (shapeshifter)
  A wyvern (shapeshifter) (Vaults:1)
  36 tarantellas
  6 wyverns
  3 fire elementals
  7 wraiths
  A golden eye (shapeshifter) (D:15)
  A basilisk (Lair:4)
  45 yaks
  2 death yak simulacra (IceCv)
  2 hungry ghosts
  6 harpy simulacra (IceCv)
  2 human simulacra (Vaults:2)
  5 insubstantial wisps (Swamp:4)
  26 swamp worms
  3 wargs
  2 iron troll simulacra (IceCv)
  17 vampire mosquitoes
  4 acid dragons
  A soldier ant (D:13)
  A hydra simulacrum (IceCv)
  9 water moccasins
  12 swamp drakes
  A hornet zombie (D:15)
  10 porcupines
  3 ettin simulacra (IceCv)
  5 phantoms
  5 black bears
  30 orc warriors
  6 sky beasts
  4 ice beasts
  An eye of draining (D:15)
  20 ogres
  2 necrophages
  19 boggarts
  30 wolves
  A human zombie (Vaults:2)
  12 centaurs
  16 crocodiles
  12 bullfrogs
  6 big kobolds
  A gnoll sergeant (D:7)
  6 earth elementals
  A water moccasin zombie (D:5)
  8 killer bees
  4 scorpions
  An elephant simulacrum (IceCv)
  A swamp dragon simulacrum (IceCv)
  2 howler monkeys
  2 vampire bats (Lair:5)
  11 wights
  2 electric eels
  11 crimson imps
  2 bullfrog zombies
  3 draconian simulacra (IceCv)
  A quasit (D:7)
  A bullfrog skeleton (D:10)
  20 orc priests
  6 hounds
  6 jellies
  21 orc wizards
  4 iguanas
  6 worker ants
  8 hell rats
  2 spriggan simulacra (IceCv)
  5 troll simulacra (IceCv)
  3 polar bear simulacra (IceCv)
  A hound skeleton (D:5)
  A worker ant zombie (D:6)
  8 gnolls
  7 river rats (Lair:2)
  15 adders
  4 naga simulacra (IceCv)
  3 ogre simulacra (IceCv)
  4 shadow imps
  3 white imps (IceCv)
  9 ufetubi (IceCv)
  5 oozes
  2 adder skeletons
  2 adder zombies
  5 worms
  9 leopard geckos
  102 orcs
  10 bats
  8 giant cockroaches
  9 goblins
  8 hobgoblins
  3 jackals (D:11)
  A ball python (D:2)
  3 frilled lizards
  A giant cockroach zombie (D:6)
  41 kobolds
  2 leopard gecko skeletons
  A quokka skeleton (D:8)
  12 rats
  5 briar patches (Swamp:1)
  A fungus (Lair:4)
  3 plants
1431 creatures vanquished.

Vanquished Creatures (others)
  A stone giant (Vaults:2)
  A deep elf high priest (Elf:2)
  2 yaktaur captains
  A centaur warrior (Vaults:1)
  An unseen horror (D:10)
  A deep elf archer (Vaults:2)
  A cyclops (Vaults:2)
  4 yaktaurs (Vaults:1)
  2 yaks
  A wyvern (D:12)
  A centaur (Vaults:1)
  An ogre (D:10)
  A bullfrog (D:10)
  A jelly (D:9)
  An ufetubus (IceCv)
  A bush (Lair:3)
  3 fungi
  2 plants (Lair:4)
26 creatures vanquished.

Grand Total: 1457 creatures vanquished

Notes
Turn   | Place    | Note
-------+----------+-------------------------------------------
     0 | D:1      | dvd the Troll Fighter began the quest for the Orb.
     0 | D:1      | Reached XP level 1. HP: 22/22 MP: 0/0
   200 | D:1      | Reached XP level 2. HP: 29/29 MP: 1/1
   639 | D:2      | Reached XP level 3. HP: 30/36 MP: 2/2
   929 | D:2      | Reached XP level 4. HP: 38/44 MP: 3/3
  1313 | D:3      | Reached skill level 1 in Throwing
  1403 | D:3      | Reached skill level 1 in Maces & Flails
  1601 | D:3      | Reached XP level 5. HP: 42/52 MP: 4/4
  2016 | D:4      | Reached skill level 2 in Maces & Flails
  2049 | D:4      | Found a staircase to the Ecumenical Temple.
  2065 | Temple   | Entered the Ecumenical Temple
  2091 | Temple   | Became a worshipper of Warmaster Okawaru
  2173 | D:4      | Found Divis's Gadget Emporium.
  2194 | D:4      | Noticed an ogre
  2205 | D:4      | Killed an ogre
  2205 | D:4      | Reached XP level 6. HP: 46/61 MP: 5/5
  2295 | D:4      | Reached skill level 3 in Maces & Flails
  2378 | D:4      | Reached XP level 7. HP: 63/67 MP: 6/6
  2547 | D:5      | Entered Level 5 of the Dungeon
  2593 | D:5      | Reached skill level 4 in Maces & Flails
  2742 | D:5      | Found a sacrificial altar of Ru.
  2891 | D:5      | Reached * piety under Okawaru
  3038 | D:5      | Reached XP level 8. HP: 78/78 MP: 7/7
  3323 | D:5      | Reached skill level 5 in Maces & Flails
  3522 | D:6      | Reached ** piety under Okawaru
  3558 | D:6      | Reached skill level 6 in Maces & Flails
  4191 | D:6      | Reached XP level 9. HP: 46/85 MP: 5/8
  4370 | D:6      | Reached skill level 5 in Dodging
  4525 | D:7      | Reached *** piety under Okawaru
  4638 | D:7      | Found a stormy altar of Qazlal.
  4742 | D:6      | Reached skill level 7 in Maces & Flails
  4936 | D:7      | You fall through a shaft!
  5015 | D:8      | Reached skill level 5 in Shields
  5286 | D:7      | Reached **** piety under Okawaru
  5303 | D:7      | Found a sparkling altar of Nemelex Xobeh.
  5460 | D:7      | Learned a level 2 spell: Blink
  5899 | D:8      | Reached XP level 10. HP: 58/94 MP: 9/9
  6070 | D:8      | Reached skill level 5 in Fighting
  6371 | D:8      | Paralysed by a hornet for 2 turns
  6378 | D:8      | Paralysed by a hornet for 2 turns
  6624 | D:8      | Noticed a two-headed ogre
  6633 | D:8      | Killed a two-headed ogre
  6633 | D:8      | Reached skill level 8 in Maces & Flails
  7143 | D:9      | Found a shattered altar of Ashenzari.
  7166 | D:9      | Reached ***** piety under Okawaru
  7536 | D:9      | Got a brightly glowing trident
  7537 | D:9      | Identified the +3 trident "Leviticus" {distort, -Tele rPois rN+++ Dex-5} (You found it on level 9 of the Dungeon)
  7994 | D:10     | Entered Level 10 of the Dungeon
  8163 | D:10     | Reached skill level 1 in Polearms
  8180 | D:10     | Banished an unseen horror
  8347 | D:10     | Received a gift from Okawaru
  8484 | D:10     | Reached XP level 11. HP: 52/100 MP: 10/10
  8715 | D:10     | Found a staircase to the Orcish Mines.
  9598 | D:11     | Found a staircase to the Lair.
  9647 | D:11     | Found a white marble altar of Elyvilon.
  9655 | D:11     | Learned a level 1 spell: Apportation
  9703 | D:11     | Noticed a red ugly thing
  9781 | D:11     | Reached skill level 1 in Stealth
 10299 | D:12     | Noticed Sonja
 10305 | D:12     | Killed Sonja
 10444 | D:12     | Noticed a purple ugly thing
 10604 | D:12     | Noticed a four-headed hydra
 10656 | D:12     | Banished a four-headed hydra
 10656 | D:12     | Reached skill level 1 in Invocations
 10661 | D:12     | Received a gift from Okawaru
 10666 | D:12     | Got a jewelled mace {god gift}
 10710 | D:12     | Identified the +11 mace of Theory {flame, rF+ Dex+4} (Okawaru gifted it to you on level 12 of the Dungeon)
 11026 | D:12     | Killed an unseen horror
 11109 | D:12     | Noticed Harold
 11118 | D:12     | Killed Harold
 11118 | D:12     | Reached skill level 5 in Polearms
 11270 | D:12     | Reached skill level 1 in Armour
 11333 | D:11     | Killed a red ugly thing
 11337 | D:11     | Gained mutation: Your magical capacity is low. (-10% MP) [mutagenic meat]
 11338 | D:11     | Gained mutation: You expend magic power (3 MP) to strengthen your wands. [mutagenic meat]
 11339 | D:11     | Lost mutation: Your magical capacity is low. (-10% MP) [mutagenic meat]
 11340 | D:11     | Gained mutation: Your movements are slightly less encumbered by armour. (ER -2) [mutagenic meat]
 11369 | Lair:1   | Entered Level 1 of the Lair of Beasts
 11632 | Lair:1   | Reached skill level 5 in Throwing
 11832 | Lair:1   | Noticed Joseph
 11851 | Lair:1   | Killed Joseph
 11989 | Lair:1   | Noticed a five-headed hydra
 11994 | Lair:1   | Killed a five-headed hydra
 11994 | Lair:1   | Reached XP level 12. HP: 102/115 MP: 9/12
 12817 | Lair:2   | Reached skill level 9 in Maces & Flails
 12936 | Lair:2   | Noticed an eight-headed hydra
 12942 | Lair:2   | Killed an eight-headed hydra
 13217 | Lair:2   | Received a gift from Okawaru
 13217 | Lair:2   | Reached ****** piety under Okawaru
 14008 | Lair:3   | Noticed Nergalle
 14020 | Lair:3   | Killed Nergalle
 14020 | Lair:3   | Reached skill level 10 in Maces & Flails
 14070 | Lair:3   | Found a hole to the Spider Nest.
 14689 | Lair:4   | Noticed a six-headed hydra
 14691 | Lair:4   | Killed a six-headed hydra
 14747 | Lair:4   | Received a gift from Okawaru
 14747 | Lair:4   | Reached XP level 13. HP: 94/124 MP: 10/13
 15311 | Lair:4   | Found a staircase to the Swamp.
 15582 | Lair:5   | Got a scorched wooden ring
 15608 | Lair:5   | Identified the ring of Beauty {Int+3 Dex+2} (You found it on level 5 of the Lair of Beasts)
 15716 | Lair:5   | Received a gift from Okawaru
 15730 | Lair:5   | Learned a level 6 spell: Deflect Missiles
 15732 | Lair:5   | Got a brightly glowing halberd {god gift}
 15733 | Lair:5   | Identified the +8 halberd "Huzitav" {protect, Dex+2} (Okawaru gifted it to you on level 5 of the Lair of Beasts)
 15828 | Lair:5   | Found a staircase to the Slime Pits.
 15828 | Lair:5   | Found a viscous altar of Jiyva.
 16077 | Lair:5   | Reached skill level 5 in Axes
 16121 | Lair:5   | Noticed Urug
 16124 | Lair:5   | Killed Urug
 16645 | Lair:5   | Reached skill level 11 in Maces & Flails
 16695 | Lair:6   | Entered Level 6 of the Lair of Beasts
 16708 | Lair:6   | Received a gift from Okawaru
 17024 | Lair:6   | Paralysed by a hornet for 1 turns
 17170 | Lair:6   | Received a gift from Okawaru
 17332 | Lair:6   | Received a gift from Okawaru
 17405 | Lair:6   | Reached XP level 14. HP: 114/135 MP: 11/14
 18437 | Orc:1    | Entered Level 1 of the Orcish Mines
 18437 | Orc:1    | Noticed Josephine
 18479 | D:10     | Killed Josephine
 18573 | Orc:1    | Noticed Fannar
 18633 | Orc:1    | Killed Fannar
 18804 | Orc:2    | Entered Level 2 of the Orcish Mines
 18829 | Orc:2    | Found a staircase to the Elven Halls.
 18988 | Orc:2    | Noticed a stone giant
 18996 | Orc:2    | Killed a stone giant
 19040 | Orc:2    | Found a roughly hewn altar of Beogh.
 19041 | Orc:2    | Found Ceul's Magic Scroll Boutique.
 19070 | Orc:2    | Bought a scroll of enchant armour for 97 gold pieces
 19207 | Orc:2    | Found a roughly hewn altar of Beogh.
 19253 | Orc:2    | Found a roughly hewn altar of Beogh.
 19263 | Orc:2    | Found Ycout's Weapon Emporium.
 19326 | Orc:2    | Found a roughly hewn altar of Beogh.
 19363 | Orc:2    | Noticed an orc warlord
 19391 | Orc:2    | Killed an orc warlord
 19522 | Orc:2    | Found a roughly hewn altar of Beogh.
 19571 | Orc:2    | Noticed an orc warlord
 19596 | Orc:2    | Killed an orc warlord
 19772 | Orc:2    | Found a roughly hewn altar of Beogh.
 19954 | Orc:2    | Found a roughly hewn altar of Beogh.
 19954 | Orc:2    | Found Mudopseps's Antique Weapon Boutique.
 19962 | Orc:2    | Found Ysanuen's Antique Armour Shop.
 20068 | Orc:2    | Found a roughly hewn altar of Beogh.
 20216 | Orc:2    | Upgraded the game from 0.21-a0-509-gecc5317 to 0.21-a0-518-g43a1781
 20381 | D:13     | Found an opulent altar of Gozag.
 20385 | D:13     | Received a gift from Okawaru
 20388 | D:13     | Got a polished shield {god gift}
 20445 | D:13     | Identified the +5 shield of Midnight {rCorr Str+4} (Okawaru gifted it to you on level 13 of the Dungeon)
 20540 | D:13     | Found a portal to a secret trove of treasure.
 20560 | D:13     | Reached skill level 12 in Maces & Flails
 22135 | D:14     | Reached XP level 15. HP: 145/145 MP: 15/15
 22208 | D:14     | Found a gate to the Vaults.
 22230 | D:14     | Reached skill level 5 in Armour
 22551 | D:14     | Gained mutation: You are clumsy. (Dex -2) [mutagenic meat]
 22558 | D:14     | Gained mutation: You are somewhat resistant to further mutation. [mutagenic meat]
 22649 | D:14     | Gained mutation: You have large cloven feet. [mutagenic meat]
 22838 | D:14     | Received a gift from Okawaru
 22958 | D:15     | Entered Level 15 of the Dungeon
 23086 | D:15     | Gained mutation: You are partially covered in iridescent scales. (AC +2) [mutagenic meat]
 23100 | D:15     | Gained mutation: Potions are less effective at restoring your health. [mutagenic meat]
 23101 | D:15     | Lost mutation: You are somewhat resistant to further mutation. [potion of mutation]
 23101 | D:15     | Lost mutation: You are clumsy. (Dex -2) [potion of mutation]
 23101 | D:15     | Lost mutation: You have large cloven feet. [potion of mutation]
 23101 | D:15     | Lost mutation: Potions are less effective at restoring your health. [potion of mutation]
 23101 | D:15     | Gained mutation: You evolve. [potion of mutation]
 23101 | D:15     | Gained mutation: Your flesh is cold resistant. (rC+) [potion of mutation]
 23130 | D:15     | Found a staircase to the Depths.
 23268 | D:15     | Reached skill level 10 in Throwing
 23282 | D:15     | Received a gift from Okawaru
 24185 | Swamp:1  | Entered Level 1 of the Swamp
 24482 | Swamp:1  | Noticed a thorn hunter
 24491 | Swamp:1  | Killed a thorn hunter
 24633 | Swamp:1  | Gained mutation: Your flesh is very cold resistant. (rC++) [evolution]
 24639 | Swamp:1  | Reached skill level 10 in Shields
 25934 | Swamp:3  | Noticed a thorn hunter
 26232 | Swamp:3  | Killed a thorn hunter
 26232 | Swamp:3  | Received a gift from Okawaru
 26319 | Swamp:3  | Noticed Nikola
 26347 | Swamp:3  | Killed Nikola
 26347 | Swamp:3  | Reached XP level 16. HP: 121/156 MP: 6/16
 26366 | Swamp:3  | Received a gift from Okawaru
 26470 | Swamp:3  | Noticed Bai Suzhen
 26543 | Swamp:3  | Received a gift from Okawaru
 26951 | Swamp:4  | Entered Level 4 of the Swamp
 26973 | Swamp:4  | Received a gift from Okawaru
 27096 | Swamp:4  | Got a steaming long sword
 27097 | Swamp:4  | Identified the +11 long sword of the Butterfly {flame, rElec rC- MR- SInv} (You found it on level 4 of the Swamp)
 27237 | Swamp:4  | Reached skill level 13 in Maces & Flails
 27838 | Swamp:4  | Noticed Mara
 28080 | Spider:1 | Entered Level 1 of the Spider Nest
 28630 | Spider:2 | Noticed Arachne
 28652 | Spider:2 | Killed Arachne
 28652 | Spider:2 | Received a gift from Okawaru
 28785 | Spider:2 | Received a gift from Okawaru
 28802 | Spider:2 | Noticed Aizul
 28815 | Spider:2 | Killed Aizul
 29109 | Spider:2 | Received a gift from Okawaru
 29112 | Spider:2 | Got a dazzling large shield {god gift}
 29145 | Spider:2 | Identified the +1 large shield of Claustrophobia {rElec rF+ Str+3} (Okawaru gifted it to you on level 2 of the Spider Nest)
 29477 | Spider:2 | Reached XP level 17. HP: 165/165 MP: 19/19
 29977 | Spider:3 | Reached skill level 5 in Invocations
 30160 | Spider:3 | Found a frozen archway.
 30207 | IceCv    | Entered an ice cave
 30639 | IceCv    | Noticed an Ice Fiend
 30676 | IceCv    | Killed an Ice Fiend
 31072 | Spider:3 | Reached skill level 10 in Dodging
 31089 | Spider:3 | Received a gift from Okawaru
 31238 | Spider:3 | Lost mutation: You evolve. [end of evolution]
 31641 | Spider:4 | Entered Level 4 of the Spider Nest
 31914 | D:13     | You paid a toll of 22 scrolls of identify to enter a treasure trove
 31915 | Trove    | Entered a treasure trove
 31919 | Trove    | Found the +2 hat of the Bear Spirit {Spirit, +Rage rN+ MR++}
 31921 | Trove    | Found the +0 mask of the Dragon {MR+ Slay+3 SInv}
 31921 | Trove    | Found the +4 robe of Augmentation {Str+4 Int+4 Dex+4}
 32046 | Trove    | Got a twisted troll leather armour
 32057 | Trove    | Identified the +1 troll leather armour of Gallantry {rElec rF+ Regen+} (You found it in a treasure trove)
 32607 | Spider:4 | Reached skill level 10 in Fighting
 32757 | Spider:4 | Received a gift from Okawaru
 32761 | Spider:4 | Got a faintly glowing robe {god gift}
 32772 | Spider:4 | Identified the +1 robe of Amorality {rElec rPois rF- rC+} (Okawaru gifted it to you on level 4 of the Spider Nest)
 33750 | Spider:4 | Got a gossamer rune of Zot
 34047 | Lair:4   | Upgraded the game from 0.21-a0-518-g43a1781 to 0.21-a0-521-g1cd18d1
 34204 | Vaults:1 | Entered Level 1 of the Vaults
 34366 | Vaults:1 | Reached XP level 18. HP: 98/175 MP: 19/22
 34387 | Vaults:1 | Received a gift from Okawaru
 34760 | Vaults:1 | Reached skill level 10 in Axes
 34805 | Vaults:1 | Identified the +1 robe of Ocoraepu {rCorr Int+9} (Okawaru gifted it to you on level 1 of the Vaults)
 35197 | Vaults:1 | Found Zukhuw's Antique Weapon Boutique.
 35264 | Vaults:1 | Noticed Jorgrun
 35290 | Vaults:1 | Killed Jorgrun
 35523 | Vaults:1 | Identified the +6 lajatang of Eternity {slice, rC+ Str-4 Int+6 SInv} (You took it off a yaktaur captain on level 1 of the Vaults)
 36106 | Vaults:2 | Received a gift from Okawaru
 36246 | Vaults:2 | Found a staircase to the Crypt.
 36517 | Vaults:2 | Received a gift from Okawaru
 36627 | Vaults:2 | Received a gift from Okawaru
 36657 | Vaults:2 | Reached XP level 19. HP: 121/184 MP: 24/24
 36722 | Vaults:2 | Received a gift from Okawaru
 36850 | Vaults:2 | Received a gift from Okawaru
 37057 | Vaults:2 | Found Ruor Bemp's Weapon Boutique.
 37236 | Vaults:2 | Reached skill level 14 in Maces & Flails
 38092 | Elf:1    | Entered Level 1 of the Elven Halls
 38500 | Elf:1    | Reached skill level 10 in Invocations
 38519 | Elf:1    | Found the +7 great mace "Firestarter" {inner flame, rF++}
 38884 | Elf:1    | Received a gift from Okawaru
 39610 | Elf:2    | HP: 2/185 [glaive of freezing (25)]
 39610 | Elf:2    | Slain by a glaive of freezing

Vault maps used:
D:1:      minmay_arrival_nine_rooms
D:2:      kennysheep_nondescript
D:3:      cheibrodos_thug_alley
D:4:      minmay_temple_entry_poolview, serial_shops, nicolae_shop_crystal,
          serial_bayou_pond_c, nicolae_underground_beach
D:5:      first_bread, hangedman_ru_absence
D:6:      minmay_cornered_nines
D:7:      nicolae_qazlal_general_emergency, lemuel_coloured_pillars_altar
D:9:      hangedman_little_slice_of_home, lemuel_centaur_altar
D:10:     david_orc_2, minivault_25
D:11:     lair_entry_dummy, elyvilon_altar_3
D:12:     uniq_sonja, uniq_harold
D:13:     basic_altar, enter_trove_1
D:14:     kennysheep_green_arena, grunt_vaults_entry_fortified, spider_trap
D:15:     gammafunk_enter_depths_forms, hangedman_decor_riveting
Temple:   regret_index_temple_chain_breaker
Lair:1:   uniq_joseph
Lair:2:   minmay_lair_oklob_tunnel, kennysheep_abandoned_house,
          serial_bayou_shore_a, lemuel_fruit_fields
Lair:3:   spider_nest_entry_rubble, serial_bayou_ford_a,
          minmay_lair_oklob_bushes, st_stairs_13, uniq_nergalle
Lair:4:   nicolae_swamp_entry_splash_gauntlet, minmay_lair_oklob_chamber
Lair:5:   slime_altar_1, fungi_pond_lemuel, small_statue_intersection,
          roderic_batcave, beast_lair_carwin_1, uniq_urug
Lair:6:   minmay_lair_end_enchanted_forest, lemuel_fruit_fields
Swamp:1:  hangedman_swamp_lotus
Swamp:2:  evilmike_swamp_ruin_house_2, swamp_pool4
Swamp:3:  evilmike_swamp_ruin_rubble_1, swamp_pool5, uniq_bai_suzhen,
          uniq_nikola
Swamp:4:  swamp, uniq_roxanne, uniq_mara
Spider:2: nicolae_spider_hall_of_the_moth_king, spider_trap,
          hangedman_stitches_earthworm, uniq_arachne, uniq_aizul
Spider:3: portal_ice_cave_entry_dragon
Spider:4: spider_rune_water
Orc:1:    uniq_josephine, uniq_fannar
Orc:2:    grunt_orc_community_town_hall, grunt_orc_community_big_house_1,
          grunt_orc_community_big_house_2, grunt_orc_community_house_2,
          grunt_orc_community_house_1, grunt_orc_community_house_3,
          grunt_orc_community_house_3, grunt_orc_community_house_2,
          grunt_orc_community_house_2, mines2_lemuel
Elf:1:    hangedman_elven_crosses_minicolossus, nicolae_elf_big_sculpture_1
Elf:2:    special_room, serial_shops, nicolae_shop_crystal
Vaults:1: vaults_room_mumra_shop_pool, ontoclasm_vaults_ring_small,
          vaults_room_large_hall, v_alt_pattern_5, hangedman_vaults_stitches,
          v_misc_26, nicolae_vaults_little_squares_5,
          ontoclasm_vaults_misaligned, hangedman_vaults_capsules,
          vaults_standard_mumra_x, vaults_mumra_minichess,
          vaults_room_hangedman_quadrants, nicolae_vaults_little_ls,
          uniq_jorgrun
Vaults:2: hangedman_vaults_maws, nicolae_vaults_border_crossing, v_misc_9,
          ontoclasm_vaults_misaligned, minmay_crypt_entry_simple_walls,
          hangedman_vaults_nails, nicolae_vaults_quadrants,
          vaults_standard_mumra_enter_the_diamond,
          nicolae_vaults_little_squares_2, nicolae_vaults_circle_grid_b,
          hangedman_vaults_slice, grunt_vaults_hallway_long,
          ontoclasm_vaults_loading_screen, ontoclasm_vaults_decontamination,
          vaults_room_stairs_pillars, serial_shops,
          nicolae_shop_competitors_out_of_business
Trove:    trove_armour_1
IceCv:    ice_cave_caverns_02

Skill      XL: |  1  2  3  4  5  6  7  8  9 10 11 12 13 14 15 16 17 18 19 |
---------------+----------------------------------------------------------+-----
Axes           | 2 4 5 6 7 8 9 10 | 10.5
Dodging        | 3 4 5 6 7 8 9 10 | 10.9
Shields        | 3 4 5 6 7 8 9 10 11 12 13 | 13.3
Throwing       | 1 2 4 5 6 7 9 10 11 12 | 12.8
Maces & Flails | 1 2 3 4 6 7 8 10 11 12 13 14 | 14.1
Fighting       | 3 4 5 6 7 8 9 10 11 | 11.0
Polearms       | 2 5 |  5.5
Stealth        | 1 2 3 |  3.3
Invocations    | 1 2 4 7 9 10 | 10.3
Armour         | 2 3 4 5 6 |  6.6
Spellcasting   | |  0.7
Translocations | |  0.5
Evocations     | |  0.5

Action                   |  1- 3 |  4- 6 |  7- 9 | 10-12 | 13-15 | 16-18 | 19-21 || total
-------------------------+-------+-------+-------+-------+-------+-------+-------++-------
Melee: War axe           |    53 |       |    79 |    15 |   194 |   399 |    11 ||   751
       Mace              |    82 |   102 |    14 |   304 |   824 |   868 |   256 ||  2450
       Morningstar       |       |    44 |   291 |    92 |       |       |       ||   427
       Trident           |       |       |       |   295 |       |       |       ||   295
       Kick              |       |       |       |       |     8 |       |       ||     8
Throw: Stone             |    57 |    23 |     9 |     1 |       |       |       ||    90
       Large rock        |       |       |    37 |    79 |   262 |   132 |   131 ||   641
       Tomahawk          |       |       |    10 |    93 |    55 |    99 |    12 ||   269
       Javelin           |       |       |       |       |       |    85 |     8 ||    93
 Cast: Apportation       |       |       |       |     2 |     1 |       |       ||     3
       Blink             |       |       |       |       |     1 |       |       ||     1
Invok: Heroism           |       |       |     4 |    13 |    12 |    24 |     2 ||    55
       Finesse           |       |       |       |       |       |     4 |       ||     4
Evoke: Wand              |       |       |     1 |     2 |     6 |     7 |       ||    16
  Use: Scroll            |       |     2 |    14 |     5 |     6 |    10 |     2 ||    39
       Potion            |       |       |       |    12 |     5 |     3 |     1 ||    21
 Stab: Sleeping          |       |       |       |     2 |     3 |     6 |     3 ||    14
       Confused          |       |       |       |       |     1 |     2 |       ||     3
       Distracted        |       |       |       |       |       |     1 |       ||     1
  Eat: Chunk             |    15 |    14 |    38 |    92 |   123 |    95 |    25 ||   402
       Meat ration       |       |       |     2 |       |       |       |       ||     2
       Royal jelly       |       |       |     1 |       |       |       |       ||     1
Armor: Robe              |    62 |    47 |   101 |    86 |       |       |       ||   296
       Skin              |       |       |       |     3 |       |       |       ||     3
       Acid dragon scale |       |       |       |    45 |   205 |       |       ||   250
       Swamp dragon scal |       |       |       |       |    26 |   234 |       ||   260
       Troll leather arm |       |       |       |       |       |    62 |    16 ||    78
Dodge: Dodged            |    46 |    60 |   157 |   219 |   442 |   648 |    61 ||  1633
       Deflected         |       |       |       |       |    20 |       |       ||    20
Block: Shield            |    73 |    94 |   220 |   332 |   689 |  1106 |   237 ||  2751
       Large shield      |       |       |       |       |       |   479 |       ||   479
       Reflection        |       |       |       |       |       |    54 |    56 ||   110

Table legend:
 A = Spawn XP
 B = Non-spawn XP
 C = Spawn XP percentage of total XP
 D = Spawn monster count
 E = Non-spawn monster count
 F = Spawn count percentage of total count
 G = Total turns spent on level
                    A         B        C        D         E        F      G
               +---------+---------+-------+---------+---------+-------+---------
         Total |       0 |  456850 |   0.0 |       0 |    1442 |   0.0 | 39610
               +---------+---------+-------+---------+---------+-------+---------
           D:1 |       0 |      21 |   0.0 |       0 |      13 |   0.0 |   584
           D:2 |       0 |     102 |   0.0 |       0 |      29 |   0.0 |   621
           D:3 |       0 |     187 |   0.0 |       0 |      33 |   0.0 |   806
           D:4 |       0 |     514 |   0.0 |       0 |      13 |   0.0 |   489
           D:5 |       0 |     888 |   0.0 |       0 |      27 |   0.0 |  1120
           D:6 |       0 |    1561 |   0.0 |       0 |      31 |   0.0 |   922
           D:7 |       0 |    1426 |   0.0 |       0 |      23 |   0.0 |   880
           D:8 |       0 |    2576 |   0.0 |       0 |      34 |   0.0 |  1475
           D:9 |       0 |    1546 |   0.0 |       0 |      35 |   0.0 |  1050
          D:10 |       0 |    4644 |   0.0 |       0 |      36 |   0.0 |  1422
          D:11 |       0 |    1817 |   0.0 |       0 |      18 |   0.0 |  1259
          D:12 |       0 |    5529 |   0.0 |       0 |      19 |   0.0 |  1211
          D:13 |       0 |    7424 |   0.0 |       0 |      34 |   0.0 |   975
          D:14 |       0 |   28872 |   0.0 |       0 |      66 |   0.0 |  2163
          D:15 |       0 |   14651 |   0.0 |       0 |      45 |   0.0 |  1014
        Lair:1 |       0 |    4033 |   0.0 |       0 |      17 |   0.0 |  1038
        Lair:2 |       0 |    4902 |   0.0 |       0 |      29 |   0.0 |  1441
        Lair:3 |       0 |    6725 |   0.0 |       0 |      27 |   0.0 |  1112
        Lair:4 |       0 |    9364 |   0.0 |       0 |      35 |   0.0 |  1347
        Lair:5 |       0 |    9775 |   0.0 |       0 |      40 |   0.0 |  1169
        Lair:6 |       0 |   19147 |   0.0 |       0 |      84 |   0.0 |  1576
       Swamp:1 |       0 |    7595 |   0.0 |       0 |      16 |   0.0 |  1052
       Swamp:2 |       0 |    6208 |   0.0 |       0 |      19 |   0.0 |  1014
       Swamp:3 |       0 |   20843 |   0.0 |       0 |      42 |   0.0 |  1277
       Swamp:4 |       0 |   14478 |   0.0 |       0 |      38 |   0.0 |   447
      Spider:1 |       0 |    9449 |   0.0 |       0 |      26 |   0.0 |   598
      Spider:2 |       0 |   31344 |   0.0 |       0 |      67 |   0.0 |  1376
      Spider:3 |       0 |   19117 |   0.0 |       0 |      47 |   0.0 |  1092
      Spider:4 |       0 |   30010 |   0.0 |       0 |      63 |   0.0 |  1302
         Orc:1 |       0 |    1961 |   0.0 |       0 |      10 |   0.0 |   347
         Orc:2 |       0 |   12114 |   0.0 |       0 |     100 |   0.0 |  1310
         Elf:1 |       0 |   34604 |   0.0 |       0 |      55 |   0.0 |  1310
         Elf:2 |       0 |   11518 |   0.0 |       0 |      19 |   0.0 |   208
      Vaults:1 |       0 |   56300 |   0.0 |       0 |     100 |   0.0 |  1621
      Vaults:2 |       0 |   66838 |   0.0 |       0 |      94 |   0.0 |  1837
         IceCv |       0 |    8767 |   0.0 |       0 |      58 |   0.0 |   718
               +---------+---------+-------+---------+---------+-------+---------
